Map: Winter's Gate LE

Players

ȎlȎ

  • Race: Protoss Protoss
  • League: Master
  • Spawn Location: 5:00

Mez - Winner!

  • Race: Terran Terran
  • League: Master
  • Spawn Location: 11:00

VOD

Have the link to the VOD?

Description

Time

  • Played on: Sept. 9, 2019, noon
  • Length: 8:18
Show
View Real Time Build Order
Export as new Build Order

ȎlȎ Protoss 

Build Orders: 1 Gate Expand, Zealot Archon, Dark Templar Rush 

Get SALT Encoding   

  12  0:01  Probe  
  13  0:13  Probe  
  14  0:17  Pylon  
  14  0:25  Probe  
  15  0:33  Probe  
  15  0:36  Gateway  
  15  0:41  Probe  
  16  0:46  Assimilator  
  17  0:51  Probe  
  18  1:19  Nexus  
  18  1:31  Cybernetics Core  
  18  1:32  Probe  
  19  1:40  Probe  
  19  1:45  Assimilator  
  20  1:50  Probe  
  21  1:56  Pylon  
  21  1:58  Stalker  
  21  2:00  Warp Gate  
  23  2:19  Twilight Council  
  23  2:22  Probe  
  24  2:29  Adept  
  26  2:34  Probe  
  27  2:44  Probe  
  27  2:47  Probe  
  29  2:55  Dark Shrine  
  29  3:11  Probe  
  29  3:15  Probe  
  29  3:19  Probe  
  31  3:23  Robotics Facility  
  31  3:26  Sentry  
  35  3:27  Probe  
  35  3:29  Probe  
  36  3:39  Probe  
  36  3:40  Charge  
  37  3:41  Probe  
  37  3:45  Gateway  
  38  3:51  Pylon, Probe  
  38  3:53  Probe  
  38  3:55  Pylon  
  40  4:03  Probe  
  40  4:05  Probe  
  40  4:07  Pylon  
  42  4:14  Dark Templar  
  42  4:15  Probe  
  45  4:20  Probe  
  46  4:25  Observer  
  46  4:27  Probe  
  48  4:33  Probe  
  48  4:35  Nexus  
  49  4:39  Pylon  
  49  4:55  Probe x2  
  51  5:07  Probe  
  51  5:08  Probe  
  45  5:15  Stalker x2  
  45  5:19  Probe  
  45  5:20  Probe  
  49  5:25  Immortal  
  49  5:32  Probe x2  
  55  5:44  Gateway  
  55  5:46  Gateway  
  55  5:47  Gateway  
  55  5:49  Gateway x2  
  55  5:52  Assimilator  
  55  5:54  Dark Templar  
  55  5:55  Dark Templar  
  55  5:56  Probe x2  
  61  5:58  Probe  
  62  6:06  Probe  
  62  6:08  Probe  
  64  6:16  Probe  
  64  6:20  Archon  
  64  6:21  Warp Prism, Gateway  
  67  6:27  Pylon  
  67  6:28  Probe  
  67  6:31  Gateway  
  68  6:34  Gateway  
  68  6:36  Dark Templar  
  68  6:37  Probe  
  70  6:44  Dark Templar  
  70  6:45  Probe, Sentry  
  75  6:50  Archon  
  75  6:53  Zealot x2  
  75  6:54  Zealot  
  82  6:55  Probe  
  82  6:58  Pylon  
  83  7:05  Stalker  
  83  7:07  Probe  
  86  7:14  Zealot x3, Dark Templar  
  94  7:19  Probe  
  60  7:31  Stalker x3  
  65  7:44  Zealot x2  
  69  7:52  Dark Templar  
  69  7:55  Zealot  
  69  7:57  Zealot  
Show
View Real Time Build Order
Export as new Build Order

Mez Terran - Winner!

Build Orders: Reaper Expand 

Get SALT Encoding   

  12  0:00  SCV  
  13  0:12  SCV  
  14  0:17  Supply Depot  
  14  0:24  SCV  
  15  0:38  SCV  
  15  0:41  Barracks  
  16  0:44  Refinery  
  16  0:50  SCV  
  17  1:02  SCV  
  18  1:15  SCV  
  19  1:29  Orbital Command, Reaper  
  20  1:40  Command Center  
  20  1:51  Bunker  
  20  1:55  Supply Depot  
  20  1:58  SCV  
  21  2:03  Marine  
  22  2:10  SCV  
  22  2:14  Factory  
  23  2:22  SCV  
  23  2:24  Refinery  
  23  2:25  Barracks Reactor  
  24  2:36  SCV  
  25  2:49  SCV  
  26  2:53  Orbital Command  
  26  2:59  Widow Mine, Starport  
  26  3:03  SCV  
  29  3:12  Marine  
  29  3:13  Marine  
  29  3:15  SCV  
  29  3:18  SCV  
  29  3:19  Supply Depot  
  33  3:26  Widow Mine  
  35  3:27  SCV  
  35  3:30  SCV  
  35  3:31  Marine x2  
  39  3:35  Medivac  
  39  3:39  SCV  
  42  3:42  Barracks  
  42  3:45  Barracks  
  42  3:47  Engineering Bay  
  42  3:48  Barracks  
  42  3:49  SCV  
  42  3:54  SCV  
  42  3:55  Factory Tech Lab  
  44  3:58  Barracks  
  44  4:00  Marine  
  44  4:01  Marine  
  46  4:04  SCV  
  46  4:08  Starport Tech Lab  
  47  4:17  SCV x2, Terran Infantry Weapons Level 1  
  47  4:22  Refinery, Factory Reactor  
  47  4:24  Supply Depot  
  49  4:28  Missile Turret  
  49  4:29  SCV  
  49  4:30  SCV  
  51  4:32  Marine x2  
  53  4:42  SCV  
  53  4:43  Stimpack, Starport Reactor  
  53  4:44  SCV  
  52  4:54  SCV  
  52  4:55  Marauder  
  52  4:56  Marine x2  
  57  5:02  Widow Mine  
  57  5:03  Widow Mine  
  55  5:15  Marauder, Marine x2  
  58  5:22  Refinery  
  58  5:26  Widow Mine x2  
  58  5:28  Combat Shield  
  58  5:33  Supply Depot  
  58  5:36  Supply Depot  
  58  5:42  SCV x2  
  60  5:50  Medivac  
  60  5:54  Medivac  
  64  5:57  Supply Depot  
  64  6:01  SCV x2  
  66  6:04  Marine x4  
  70  6:11  Missile Turret  
  70  6:12  Terran Infantry Armor Level 1  
  70  6:13  SCV  
  70  6:16  SCV  
  72  6:30  SCV  
  72  6:31  SCV  
  74  6:45  Marine  
  74  6:46  Marauder x2, Marine  
  82  6:47  Widow Mine x2, Medivac  
  86  6:55  Supply Depot x2  
  86  6:58  Medivac  
  88  7:03  Supply Depot, Marine  
  87  7:24  Marauder, Marine x2  
  87  7:25  Marauder, Medivac  
  87  7:28  Medivac  
  91  7:37  Command Center  
  91  7:42  Marine x2  
  83  7:45  Widow Mine x2  
Tags
 
Add a new tag
Caveats
  • Supply blocks, unpowered buildings, or Contaminate may cause inaccurate times.
  • Supply counts are checked every 10 seconds.